[Event "Titled Tuesday Blitz November 29 Late 2022"]
[White "Sailer, Mike"]
[Black "Czopor, Maciej"]
[WhiteFideId "2012901"]
[BlackFideId "21805431"]
[WhiteElo "2109"]
[BlackElo "2324"]
[Result "0-1"]
[Round "01"]
[TimeControl "180+1"]
[Date "2022.11.30"]
[WhiteClock "0:00:11"]
[BlackClock "0:00:22"]

1. Nf3 Nf6 2. c4 g6 3. g3 Bg7 4. Bg2 O-O 5. O-O d6 6. Nc3 e5 7. d4 Nc6 8. d5 Ne7 9. b4 a5 10. bxa5 Rxa5 11. Nb5 Ne8 12. Bd2 Ra8 13. a4 c6 14. dxc6 bxc6 15. Nc3 Be6 16. c5 d5 17. Ng5 Bd7 18. a5 h6 19. Nf3 Nc7 20. Na4 Na6 21. Nb6 Ra7 22. Rc1 Kh7 23. Ne1 Bf5 24. e4 Bxe4 25. Bxe4 dxe4 26. Qe2 f5 27. Nc2 Nd5 28. Ne3 f4 29. Nec4 Nxc5 30. Rfd1 f3 31. Qe1 Nd3 32. Qf1 Nxc1 33. Bxc1 Qe8 34. Nxd5 cxd5 35. Rxd5 Qc6 36. Rd6 Qb5 37. Rxg6 Kxg6 38. Nxe5+ Qxe5 39. Qc4 0-1


[Site "https://www.chess.com"]

[Event "Titled Tuesday Blitz November 29 Late 2022"]
[White "Salem, A.R. Saleh"]
[Black "Tomaszewski, Kacper"]
[WhiteFideId "9301348"]
[BlackFideId "1127373"]
[WhiteElo "2995"]
[BlackElo "2512"]
[Result "1-0"]
[Round "01"]
[TimeControl "180+1"]
[Date "2022.11.30"]
[WhiteClock "0:02:19"]
[BlackClock "0:01:57"]

1. d4 d5 2. c4 e6 3. Nc3 Nf6 4. cxd5 Nxd5 5. e3 Nxc3 6. bxc3 c5 7. Bd3 Qc7 8. Ne2 Be7 9. O-O Nd7 10. e4 O-O 11. e5 Rd8 12. Ng3 Nxe5 13. Bf4 cxd4 14. cxd4 Rxd4 15. Bxh7+ Kxh7 16. Qxd4 Bd6 17. Rac1 1-0


[Site "https://www.chess.com"]

[Event "Titled Tuesday Blitz November 29 Late 2022"]
[White "Salman, Pavel"]
[Black "Vargas, Mauricio"]
[WhiteFideId "24153753"]
[BlackFideId "4404572"]
[WhiteElo "2187"]
[BlackElo "2025"]
[Result "1-0"]
[Round "01"]
[TimeControl "180+1"]
[Date "2022.11.30"]
[WhiteClock "0:00:31"]
[BlackClock "0:00:01"]

1. Nf3 Nc6 2. d4 d6 3. g3 e6 4. Bg2 g6 5. O-O Bg7 6. c4 f5 7. Nc3 Nf6 8. Bg5 O-O 9. d5 Ne7 10. Nd4 e5 11. Ne6 Bxe6 12. dxe6 c6 13. Qb3 Kh8 14. Qxb7 e4 15. Rad1 h6 16. Bf4 Ne8 17. Qa6 g5 18. Bc1 Be5 19. Qa3 Rf6 20. f4 exf3 21. exf3 Rxe6 22. f4 Qb6+ 23. Kh1 Bf6 24. fxg5 hxg5 25. Na4 Qa6 26. Qb3 Ng6 27. c5 d5 28. Rxf5 Qe2 29. Rdf1 Ne5 30. Bxg5 Bxg5 31. Rxg5 Ng4 32. Qc3+ Nef6 33. Qf3 Rf8 34. Qxe2 1-0


[Site "https://www.chess.com"]

[Event "Titled Tuesday Blitz November 29 Late 2022"]
[White "Sarana, Alexey"]
[Black "Redzisz, Michal"]
[WhiteFideId "24133795"]
[BlackFideId "21816107"]
[WhiteElo "3001"]
[BlackElo "2513"]
[Result "1-0"]
[Round "01"]
[TimeControl "180+1"]
[Date "2022.11.30"]
[WhiteClock "0:02:10"]
[BlackClock "0:00:04"]

1. d4 Nf6 2. c4 e6 3. Nc3 d5 4. cxd5 exd5 5. Bf4 c6 6. e3 Bd6 7. Bxd6 Qxd6 8. Bd3 O-O 9. Nge2 Re8 10. Qd2 Nbd7 11. f3 c5 12. O-O a6 13. dxc5 Nxc5 14. Nd4 Nxd3 15. Qxd3 b5 16. Rfe1 Bb7 17. Rad1 Rac8 18. Nce2 Qe5 19. Ng3 g6 20. Nf1 Nd7 21. Nd2 Nc5 22. Qa3 Ne6 23. N2b3 h5 24. Nxe6 Rxe6 25. Nd4 Re7 26. Qd3 h4 27. Re2 h3 28. gxh3 Rec7 29. Rg2 Rc1 30. Rxc1 Rxc1+ 31. Kf2 Bc8 32. f4 Qh5 33. f5 Qh4+ 34. Rg3 Rh1 35. Kg2 Re1 36. fxg6 f5 37. Qc2 1-0


[Site "https://www.chess.com"]

[Event "Titled Tuesday Blitz November 29 Late 2022"]
[White "Sariego Figueredo, Wilfredo"]
[Black "Koellner, Ruben Gideon"]
[WhiteFideId "3500080"]
[BlackFideId "12993093"]
[WhiteElo "2309"]
[BlackElo "2303"]
[Result "0-1"]
[Round "01"]
[TimeControl "180+1"]
[Date "2022.11.30"]
[WhiteClock "0:00:02"]
[BlackClock "0:01:28"]

1. d4 d6 2. Bf4 Nf6 3. Nc3 Nc6 4. e4 e5 5. dxe5 dxe5 6. Be3 Qxd1+ 7. Rxd1 Bb4 8. f3 Bxc3+ 9. bxc3 Be6 10. a3 Rd8 11. Rxd8+ Kxd8 12. Bb5 Bd7 13. Ne2 Ne8 14. O-O Nd6 15. Bxc6 Bxc6 16. Rd1 Ke7 17. Ng3 g6 18. Bc5 b6 19. Bb4 Ke6 20. Bxd6 cxd6 21. Kf2 Rc8 22. Ke3 Bb5 23. Kd2 f5 24. Rb1 Bc6 25. Kd3 Bb7 26. c4 Rc5 27. a4 Ra5 28. Rb4 Bc6 29. Kc3 Rxa4 30. Rxa4 Bxa4 31. Kb4 Bc6 32. h4 a5+ 33. Kc3 f4 34. Nh1 Kf6 35. Nf2 Bd7 36. Nd3 Kg7 37. Nf2 Kh6 38. Nd1 Kh5 39. Nf2 Kxh4 40. Nh1 h5 41. Kb2 g5 42. Kc3 g4 0-1


[Site "https://www.chess.com"]

[Event "Titled Tuesday Blitz November 29 Late 2022"]
[White "Sarkar, Justin"]
[Black "Urazayev, Arystanbek"]
[WhiteFideId "2010011"]
[BlackFideId "13709810"]
[WhiteElo "2239"]
[BlackElo "2441"]
[Result "0-1"]
[Round "01"]
[TimeControl "180+1"]
[Date "2022.11.30"]
[WhiteClock "0:00:01"]
[BlackClock "0:00:22"]

1. d4 Nf6 2. c4 g6 3. Nc3 Bg7 4. e4 d6 5. Bg5 h6 6. Be3 Ng4 7. Bc1 c5 8. d5 Bd4 9. Nh3 a6 10. Be2 h5 11. O-O Nd7 12. Ng5 Nde5 13. h3 f6 14. Ne6 Bxe6 15. dxe6 Bxc3 16. bxc3 Nh6 17. f4 Nc6 18. f5 Qa5 19. fxg6 O-O-O 20. Bd2 Ne5 21. Qc1 Ng8 22. Rf5 h4 23. Rh5 Nxg6 24. Rxh8 Nxh8 25. Qe1 Ng6 26. Bh5 Ne5 27. Qxh4 Nxc4 28. Be1 Ne5 29. Bf7 Qa3 30. Qh7 Qb2 31. Rd1 Qe2 32. Ra1 Qe3+ 33. Bf2 Qg5 34. Kh1 Nh6 35. h4 Qf4 0-1


[Site "https://www.chess.com"]

[Event "Titled Tuesday Blitz November 29 Late 2022"]
[White "Schuster, Karsten"]
[Black "Han, Yichen"]
[WhiteFideId "4611071"]
[BlackFideId "1054430"]
[WhiteElo "2294"]
[BlackElo "2323"]
[Result "1-0"]
[Round "01"]
[TimeControl "180+1"]
[Date "2022.11.30"]
[WhiteClock "0:00:16"]
[BlackClock "0:00:11"]

1. d4 Nf6 2. c4 e6 3. Nc3 d5 4. cxd5 exd5 5. Bg5 c6 6. e3 Be7 7. Bd3 Nbd7 8. Qc2 Nf8 9. Nf3 Ne6 10. Bh4 g6 11. O-O O-O 12. Rab1 a5 13. a3 Ng7 14. b4 axb4 15. axb4 Nf5 16. Bg5 Nd6 17. b5 Nfe4 18. Bxe7 Qxe7 19. bxc6 bxc6 20. Ne5 c5 21. Nxd5 Qh4 22. g3 Qd8 23. Bxe4 Nxe4 24. Qxe4 Bf5 25. Qf3 Bxb1 26. Rxb1 cxd4 27. exd4 Qd6 28. Rb6 Qd8 29. Nd7 Ra5 30. Rb8 Qxb8 31. Ne7+ Kg7 32. Nxb8 Rxb8 33. Nc6 Rb1+ 34. Kg2 Rf5 35. Qe3 Rd1 36. g4 Rd5 37. Qe4 Rb5 38. Ne7 Rbb1 39. d5 Rg1+ 40. Kh3 Rb3+ 41. f3 Rf1 42. Kg3 Rg1+ 43. Kf4 Rgb1 44. Nc6 Rd1 45. Qe5+ f6 46. Qe7+ Kh6 47. Qxf6 Rxd5 48. Qf8# 1-0


[Site "https://www.chess.com"]

[Event "Titled Tuesday Blitz November 29 Late 2022"]
[White "Semenenko, Dmytry"]
[Black "Yuan, Qingyu"]
[WhiteFideId "14118645"]
[BlackFideId "8609772"]
[WhiteElo "2113"]
[BlackElo "2359"]
[Result "0-1"]
[Round "01"]
[TimeControl "180+1"]
[Date "2022.11.30"]
[WhiteClock "0:01:58"]
[BlackClock "0:01:19"]

1. Nf3 d5 2. c4 e6 3. d4 Nf6 4. Nc3 c5 5. cxd5 Nxd5 6. e4 Nxc3 7. bxc3 cxd4 8. cxd4 Bb4+ 9. Bd2 Bxd2+ 10. Qxd2 O-O 11. Bd3 b6 12. e5 Bb7 13. Be2 Nc6 14. O-O Qe7 15. Qf4 Rfd8 16. Rfd1 Rd7 17. Rac1 a6 18. Ng5 h6 19. Ne4 Nxd4 20. Rxd4 Rxd4 21. Nf6+ Qxf6 0-1


[Site "https://www.chess.com"]

[Event "Titled Tuesday Blitz November 29 Late 2022"]
[White "Semianiuk, Konstantin"]
[Black "Milikow, Yoav"]
[WhiteFideId "2607603"]
[BlackFideId "2822237"]
[WhiteElo "2457"]
[BlackElo "2341"]
[Result "0-1"]
[Round "01"]
[TimeControl "180+1"]
[Date "2022.11.30"]
[WhiteClock "0:02:02"]
[BlackClock "0:02:03"]

1. d4 d5 2. Nf3 Nf6 3. Bf4 c5 4. e3 Nc6 5. c3 e6 6. Nbd2 cxd4 7. exd4 Nh5 8. Be3 Bd6 9. Bd3 Nf4 10. Bxf4 Bxf4 11. g3 Bd6 12. Qe2 Qc7 13. O-O O-O 14. Rfe1 h6 15. Nh4 Be7 16. Qh5 Bf6 17. Ndf3 Rb8 18. Ne5 Nxe5 19. dxe5 Bd8 20. f4 Qb6+ 21. Kh1 Qxb2 22. f5 Qxc3 23. Rad1 Bxh4 24. gxh4 exf5 25. Bxf5 Bxf5 26. Qxf5 Rbe8 27. Rxd5 Qxe1+ 0-1


[Site "https://www.chess.com"]

[Event "Titled Tuesday Blitz November 29 Late 2022"]
[White "Shankland, Sam"]
[Black "Bilan, Danila"]
[WhiteFideId "2004887"]
[BlackFideId "24161918"]
[WhiteElo "2889"]
[BlackElo "2481"]
[Result "1-0"]
[Round "01"]
[TimeControl "180+1"]
[Date "2022.11.30"]
[WhiteClock "0:01:53"]
[BlackClock "0:00:19"]

1. d4 d5 2. c4 c6 3. Nc3 Nf6 4. e3 e6 5. Nf3 Nbd7 6. Be2 Bd6 7. O-O O-O 8. b3 dxc4 9. bxc4 e5 10. Bb2 Re8 11. Qc2 e4 12. Nd2 Qe7 13. Rae1 Nf8 14. f3 Ng4 15. fxg4 Qh4 16. h3 Qg3 17. Ncxe4 Qh2+ 18. Kf2 f5 19. Nf3 1-0


[Site "https://www.chess.com"]

[Event "Titled Tuesday Blitz November 29 Late 2022"]
[White "Sokolovsky, Yahli"]
[Black "Perez Torres, Nabi Isaias"]
[WhiteFideId "2820242"]
[BlackFideId "5120373"]
[WhiteElo "2316"]
[BlackElo "1915"]
[Result "1-0"]
[Round "01"]
[TimeControl "180+1"]
[Date "2022.11.30"]
[WhiteClock "0:00:51"]
[BlackClock "0:00:30"]

1. b3 Nf6 2. Bb2 e6 3. e3 d5 4. Nf3 c5 5. d4 Nc6 6. Bb5 Be7 7. O-O O-O 8. Bxc6 bxc6 9. Ne5 Qc7 10. Nd2 a5 11. a4 Rb8 12. Rb1 cxd4 13. exd4 c5 14. Re1 Ba6 15. Re3 Rfc8 16. dxc5 Bxc5 17. Rg3 Bd6 18. Rc3 Qb6 19. Rf3 Rc7 20. Rxf6 gxf6 21. Ng4 d4 22. Nxf6+ Kf8 23. Nde4 Be5 24. Ba3+ Kg7 25. Qg4+ Kh8 26. Qh5 1-0


[Site "https://www.chess.com"]

[Event "Titled Tuesday Blitz November 29 Late 2022"]
[White "Sorokin, Aleksey"]
[Black "Haszon, David"]
[WhiteFideId "24176460"]
[BlackFideId "733610"]
[WhiteElo "2476"]
[BlackElo "2211"]
[Result "1-0"]
[Round "01"]
[TimeControl "180+1"]
[Date "2022.11.30"]
[WhiteClock "0:02:14"]
[BlackClock "0:01:37"]

1. c4 Nf6 2. Nc3 e6 3. e4 d6 4. d4 Nbd7 5. Nf3 Nb6 6. Be2 Be7 7. O-O O-O 8. Qc2 Nfd7 9. Rd1 Qe8 10. Be3 e5 11. Nb5 Bd8 12. c5 exd4 13. cxb6 dxe3 14. bxc7 exf2+ 15. Kxf2 Be7 16. Nxd6 Bxd6 17. Rxd6 Ne5 18. Rd8 Ng4+ 19. Kg3 Qe6 20. Qc5 Re8 21. Bb5 1-0


[Site "https://www.chess.com"]

[Event "Titled Tuesday Blitz November 29 Late 2022"]
[White "Souleidis, Georgios"]
[Black "Marin Ramirez, Gerardo"]
[WhiteFideId "4206827"]
[BlackFideId "3901068"]
[WhiteElo "2401"]
[BlackElo "2041"]
[Result "1-0"]
[Round "01"]
[TimeControl "180+1"]
[Date "2022.11.30"]
[WhiteClock "0:00:10"]
[BlackClock "0:00:01"]

1. e4 c5 2. Be2 d6 3. d3 Nc6 4. f4 g6 5. Nf3 Bg7 6. O-O e6 7. c3 Nge7 8. Be3 b6 9. d4 O-O 10. a3 Bb7 11. Bd3 Rc8 12. Qe2 cxd4 13. cxd4 Na5 14. Nc3 d5 15. e5 Nc4 16. Bf2 Qd7 17. g4 Rc7 18. a4 a6 19. Nd1 b5 20. axb5 axb5 21. b3 Nb6 22. Be1 Bc6 23. Bb4 Rfc8 24. Bc5 Rb7 25. Ne3 Qe8 26. Kh1 Nd7 27. Bd6 Bf8 28. Rg1 f6 29. h3 fxe5 30. fxe5 Kg7 31. Raf1 Ng8 32. Bxf8+ Nxf8 33. g5 Rf7 34. Ng4 Ne7 35. Nf6 Qd8 36. h4 Nf5 37. h5 Qb6 38. Qf2 Nd7 39. Bxf5 gxf5 40. g6 1-0


[Site "https://www.chess.com"]

[Event "Titled Tuesday Blitz November 29 Late 2022"]
[White "Storey, Charles H"]
[Black "Djordjevic, Vuk"]
[WhiteFideId "406686"]
[BlackFideId "902098"]
[WhiteElo "2252"]
[BlackElo "2456"]
[Result "0-1"]
[Round "01"]
[TimeControl "180+1"]
[Date "2022.11.30"]
[WhiteClock "0:00:16"]
[BlackClock "0:01:47"]

1. c4 e5 2. g3 Nc6 3. Bg2 d6 4. Nc3 Be6 5. d3 Qd7 6. h3 g6 7. Nf3 h6 8. Bd2 Bg7 9. Nd5 Nd8 10. e4 c6 11. Ne3 Ne7 12. Bc3 O-O 13. d4 f5 14. dxe5 fxe4 15. Nd2 d5 16. cxd5 cxd5 17. Nb3 Ndc6 18. Nc5 Qc8 19. Qb3 Nxe5 20. Bxe5 Bxe5 21. Nxe6 Qxe6 22. Bxe4 Bxg3 23. Bxd5 Nxd5 24. Qxd5 Bxf2+ 25. Ke2 Rae8 0-1


[Site "https://www.chess.com"]

[Event "Titled Tuesday Blitz November 29 Late 2022"]
[White "Szalay, Karoly"]
[Black "Naroditsky, Daniel"]
[WhiteFideId "2600544"]
[BlackFideId "2026961"]
[WhiteElo "2537"]
[BlackElo "3137"]
[Result "0-1"]
[Round "01"]
[TimeControl "180+1"]
[Date "2022.11.30"]
[WhiteClock "0:00:06"]
[BlackClock "0:01:04"]

1. e4 c6 2. d4 d5 3. exd5 cxd5 4. Bd3 Nf6 5. h3 Nc6 6. Nf3 Nb4 7. O-O Nxd3 8. Qxd3 g6 9. Ne5 Bg7 10. Qb5+ Nd7 11. Qxd5 Nxe5 12. Qxd8+ Kxd8 13. dxe5 Bxe5 14. Nc3 Bf5 15. Rd1+ Kc8 16. Bg5 f6 17. Be3 b6 18. f4 Bd6 19. Nb5 Bb8 20. c4 Kb7 21. Nc3 Rc8 22. b3 Bd6 23. Nd5 Rd8 24. Kf2 Rac8 25. Kf3 Bd7 26. g4 Bc6 27. Kf2 f5 28. Rd3 e6 29. Nc3 Bxf4 30. Rad1 Rxd3 31. Rxd3 Be5 32. Ne2 Rf8 33. Kg1 Bc7 34. Nd4 Be4 35. Rd2 Re8 36. Nb5 Re7 37. Nxc7 Kxc7 38. Bg5 Re8 39. Kf2 e5 40. Ke3 Bc6 41. b4 f4+ 42. Kf2 Rf8 43. Be7 Re8 44. Bg5 b5 45. c5 Re6 46. Bd8+ Kc8 47. Bg5 Kc7 48. Bd8+ Kb7 49. Bg5 h5 50. gxh5 gxh5 51. h4 Re8 52. a3 Rf8 53. Rd6 e4 54. Bf6 e3+ 55. Ke2 Re8 56. Bd4 f3+ 57. Ke1 f2+ 58. Ke2 Bf3+ 0-1


[Site "https://www.chess.com"]

[Event "Titled Tuesday Blitz November 29 Late 2022"]
[White "Tirelli, Mauro"]
[Black "Aldokhin, Ivan"]
[WhiteFideId "845353"]
[BlackFideId "24115720"]
[WhiteElo "2166"]
[BlackElo "2313"]
[Result "0-1"]
[Round "01"]
[TimeControl "180+1"]
[Date "2022.11.30"]
[WhiteClock "0:00:01"]
[BlackClock "0:00:11"]

1. d4 Nf6 2. c4 g6 3. Nf3 Bg7 4. g3 d6 5. Bg2 O-O 6. O-O Nc6 7. Nc3 Bf5 8. Nh4 Bd7 9. e4 e5 10. d5 Nd4 11. Be3 Re8 12. h3 Qc8 13. Kh2 c5 14. dxc6 bxc6 15. Nf3 c5 16. Bg5 Be6 17. b3 a5 18. Bxf6 Bxf6 19. Nd5 Bxd5 20. cxd5 Qa6 21. Re1 a4 22. bxa4 Qxa4 23. Qxa4 Rxa4 24. Nxd4 exd4 25. a3 d3 26. Ra2 c4 27. Rd1 Bd4 28. f4 Rb8 29. g4 Rb2 30. Rxb2 Bxb2 31. e5 c3 32. exd6 c2 33. d7 Ra8 34. Re1 Kf8 35. d6 Rd8 36. Bc6 c1=Q 37. Re8+ Kg7 38. Rxd8 Qxf4+ 39. Kg2 Qd2+ 0-1


[Site "https://www.chess.com"]

[Event "Titled Tuesday Blitz November 29 Late 2022"]
[White "Torres Dominguez, David"]
[Black "Banzea, Alexandru-Bogdan"]
[WhiteFideId "2220857"]
[BlackFideId "1232622"]
[WhiteElo "2037"]
[BlackElo "2294"]
[Result "0-1"]
[Round "01"]
[TimeControl "180+1"]
[Date "2022.11.30"]
[WhiteClock "0:00:01"]
[BlackClock "0:00:06"]

1. e4 c6 2. Nf3 d5 3. d3 g6 4. Be2 Bg7 5. O-O e5 6. Re1 Ne7 7. Bf1 d4 8. Nbd2 O-O 9. a4 c5 10. a5 Nbc6 11. Nc4 h6 12. c3 Be6 13. cxd4 cxd4 14. Qa4 g5 15. h3 Ng6 16. Bd2 f5 17. exf5 Rxf5 18. Nh2 Bd5 19. f3 Qd7 20. Ng4 Raf8 21. Nf2 Nh4 22. Ne4 Nxf3+ 23. gxf3 Rxf3 24. Bg2 Rxd3 25. Qb5 Rdf3 26. Ncd6 Qe6 27. Re2 d3 28. Rf2 Nd4 29. Qc5 Ne2+ 30. Kf1 Rxf2+ 31. Nxf2 Bxg2+ 32. Kxg2 Qf6 33. Qe3 Nf4+ 34. Kg1 Qxd6 35. Ne4 Qd5 36. Rc1 Ne2+ 37. Kh2 Nxc1 38. Bxc1 Rf4 0-1


[Site "https://www.chess.com"]

[Event "Titled Tuesday Blitz November 29 Late 2022"]
[White "Travadon, Loic"]
[Black "Abasov, Nijat"]
[WhiteFideId "26092131"]
[BlackFideId "13402960"]
[WhiteElo "2511"]
[BlackElo "2975"]
[Result "0-1"]
[Round "01"]
[TimeControl "180+1"]
[Date "2022.11.30"]
[WhiteClock "0:01:21"]
[BlackClock "0:00:34"]

1. e4 c5 2. Nc3 e6 3. Nge2 Nc6 4. d4 cxd4 5. Nxd4 Nf6 6. a3 Be7 7. Nxc6 bxc6 8. e5 Nd5 9. Ne4 Qa5+ 10. Bd2 Qc7 11. f4 Qb6 12. Bd3 f5 13. exf6 Nxf6 14. Qe2 Qxb2 15. O-O O-O 16. Kh1 Nxe4 17. Qxe4 g6 18. Rab1 Qxa3 19. h4 d5 20. Qf3 e5 21. Rb3 e4 22. Qg3 Qd6 23. Be2 Qf6 24. Be1 Bd6 25. Qh2 d4 26. h5 Be6 27. hxg6 hxg6 28. Rg3 Kg7 29. Kg1 Rh8 30. Rh3 Bxh3 31. gxh3 Raf8 32. Bg4 Bxf4 33. Qg2 Be3+ 34. Kh2 Qxf1 35. Qxe4 Qf4+ 36. Kg2 Qxe4+ 37. Bf3 Qxf3+ 38. Kh2 Qxh3# 0-1


[Site "https://www.chess.com"]

[Event "Titled Tuesday Blitz November 29 Late 2022"]
[White "Tworuszka, Michal"]
[Black "Kobo, Ori"]
[WhiteFideId "1117858"]
[BlackFideId "2812320"]
[WhiteElo "2415"]
[BlackElo "2447"]
[Result "1/2-1/2"]
[Round "01"]
[TimeControl "180+1"]
[Date "2022.11.30"]
[WhiteClock "0:00:18"]
[BlackClock "0:00:21"]

1. d4 Nf6 2. c4 e6 3. Bf4 Bb4+ 4. Nd2 c5 5. dxc5 Bxc5 6. e3 O-O 7. Ngf3 b6 8. Be2 Bb7 9. O-O d5 10. Rc1 Nc6 11. Ne5 Qe7 12. Nxc6 Bxc6 13. Bf3 Rac8 14. Nb3 Rfd8 15. Nxc5 bxc5 16. cxd5 Nxd5 17. Bxd5 Bxd5 18. Qa4 Qb7 19. b3 Bxg2 20. Rfd1 h6 21. Rxd8+ Rxd8 22. Qa5 Rd5 23. Qc7 Qxc7 24. Bxc7 Bf3 25. a3 h5 26. h4 g5 27. Bg3 Kh7 28. Kh2 Kg6 29. hxg5 Rxg5 30. Rg1 Bd5 31. Bd6 Rxg1 32. Kxg1 Bxb3 33. Bxc5 a6 34. Kh2 Kf5 35. Kg3 f6 36. f3 Kg6 37. Be7 Bd1 38. Bd8 Kf7 39. Ba5 Ke7 40. Bc3 Be2 41. Bb2 Kf7 42. Kf2 Bc4 43. Kg3 Kg6 44. Bc3 Kg5 45. Bd2 h4+ 46. Kh3 Bf1+ 47. Kh2 Kh5 48. Be1 Bb5 49. Bc3 Be2 50. Bxf6 Bxf3 51. Be7 Kg4 52. Bd8 Be4 53. Be7 Bf5 54. Bd8 h3 55. Be7 Kf3 56. Bg5 Kg4 57. Bh6 Kf3 58. Bf4 Ke2 59. Bg5 Kd3 60. Bh6 Kc3 61. Bf8 Kd2 62. Bh6 Ke2 63. Bg5 e5 64. Bf6 e4 65. Bg5 Kd3 66. Bf4 Kc3 67. Bg5 Kb3 68. Be7 a5 69. Bd6 a4 70. Be7 Kc3 71. Bd6 Kd3 72. Bf4 Kc4 73. Bd6 Kd3 74. Bf4 Kd2 75. Bg5 Kc3 76. Bf6+ Kb3 77. Be7 Be6 78. Bd6 Kc4 79. Be7 Kb3 80. Bd6 Kc4 81. Be7 Kd3 82. Bg5 Kc3 83. Bf6+ Kd2 84. Bg5 Kd3 85. Bf4 Kc3 86. Bg5 Kd3 87. Bf4 Kc3 88. Bg5 Kb3 89. Be7 Kc3 90. Bf6+ Kd3 91. Bg5 Kc3 92. Bf4 Kd3 93. Bg5 1/2-1/2


[Site "https://www.chess.com"]

[Event "Titled Tuesday Blitz November 29 Late 2022"]
[White "Van Foreest, Jorden"]
[Black "Sztokbant, Bernardo Vainzoff"]
[WhiteFideId "1039784"]
[BlackFideId "2115956"]
[WhiteElo "2974"]
[BlackElo "2509"]
[Result "1-0"]
[Round "01"]
[TimeControl "180+1"]
[Date "2022.11.30"]
[WhiteClock "0:01:55"]
[BlackClock "0:01:43"]

1. d4 d5 2. c4 dxc4 3. e3 Nf6 4. Bxc4 e6 5. Nf3 a6 6. O-O b5 7. Be2 Bb7 8. a4 b4 9. Nbd2 Be7 10. b3 O-O 11. Bb2 Nbd7 12. Nc4 c5 13. Rc1 Ne4 14. Rc2 Rc8 15. Qa1 Bf6 16. Rfc1 Bd5 17. Ncd2 Qe7 18. Bxa6 Ra8 19. Bb5 Nxd2 20. Nxd2 Rfd8 21. dxc5 Bxb2 22. Qxb2 Qg5 23. e4 Ne5 24. exd5 Rxd5 25. Kh1 Qh4 26. c6 Qh5 27. c7 Rc8 28. Ba6 Ng4 29. Nf3 Rf5 30. Rd2 h6 31. Rd8+ Kh7 32. Bd3 Nxf2+ 33. Qxf2 1-0


[Site "https://www.chess.com"]

[Event "Titled Tuesday Blitz November 29 Late 2022"]
[White "Vargas Pereda, Jesus Manue"]
[Black "Toniutti, Ezio"]
[WhiteFideId "5115710"]
[BlackFideId "113034"]
[WhiteElo "1950"]
[BlackElo "2215"]
[Result "1/2-1/2"]
[Round "01"]
[TimeControl "180+1"]
[Date "2022.11.30"]
[WhiteClock "0:00:36"]
[BlackClock "0:00:14"]

1. d4 d5 2. Nf3 Nf6 3. g3 c6 4. Bg2 Bf5 5. c4 e6 6. O-O Nbd7 7. Nc3 Be7 8. Re1 O-O 9. Nh4 Bg4 10. h3 Bh5 11. Qb3 Qb6 12. c5 Qxb3 13. axb3 Rfd8 14. b4 a6 15. Bf4 Rac8 16. e4 dxe4 17. Nxe4 Nxe4 18. Bxe4 Nf6 19. Be5 Nd5 20. Ng2 Nxb4 21. Nf4 Bg6 22. Nxg6 hxg6 23. Ra3 Nd5 24. Rb3 Rd7 25. g4 Bf6 26. Bxd5 exd5 27. Bxf6 gxf6 28. Ree3 Kf8 29. Rb6 Rcc7 30. f4 Re7 31. Kf2 Rxe3 32. Kxe3 Re7+ 33. Kf3 Ke8 34. Rb3 Kd8 35. Ra3 Kc7 36. b4 Re4 37. Rd3 Re1 38. Kf2 Rb1 39. Re3 Kd7 40. f5 Rxb4 41. h4 Rxd4 42. Kg3 Rd1 43. Re2 Rf1 44. Kg2 Rd1 45. h5 gxh5 46. gxh5 Rd4 47. Kg3 Rd3+ 48. Kg2 Rd4 49. Kg3 Rd3+ 50. Kg2 Rd4 1/2-1/2


[Site "https://www.chess.com"]

[Event "Titled Tuesday Blitz November 29 Late 2022"]
[White "Vlassov, Nikolai"]
[Black "Kamsky, Gata"]
[WhiteFideId "4103360"]
[BlackFideId "2000024"]
[WhiteElo "2488"]
[BlackElo "2890"]
[Result "0-1"]
[Round "01"]
[TimeControl "180+1"]
[Date "2022.11.30"]
[WhiteClock "0:00:03"]
[BlackClock "0:00:56"]

1. e4 c5 2. c3 g6 3. d4 cxd4 4. cxd4 Bg7 5. Nc3 d6 6. h4 Nf6 7. h5 Nxh5 8. Rxh5 gxh5 9. Qxh5 Nc6 10. Bc4 e6 11. d5 Bxc3+ 12. bxc3 Qf6 13. Ne2 Ne5 14. Bb5+ Bd7 15. Bxd7+ Kxd7 16. dxe6+ fxe6 17. Bg5 Qg6 18. Qxg6 hxg6 19. O-O-O Raf8 20. Nf4 Rh2 21. Kc2 Nf7 22. Bf6 g5 23. Ng6 Rg8 24. Ne5+ Nxe5 25. Bxe5 Rxg2 26. Rxd6+ Ke7 27. Rd2 Rc8 28. Bg3 Rg1 29. Bd6+ Kf6 30. Bg3 Ke7 31. Bd6+ Ke8 32. Bg3 Rc6 33. Kd3 Rc1 34. Kd4 R1xc3 35. Rb2 b6 36. Rb5 R3c4+ 37. Ke5 Kf7 0-1


[Site "https://www.chess.com"]

[Event "Titled Tuesday Blitz November 29 Late 2022"]
[White "Weisz, Bryan"]
[Black "Arkell, Keith C"]
[WhiteFideId "30934133"]
[BlackFideId "400270"]
[WhiteElo "2276"]
[BlackElo "2342"]
[Result "0-1"]
[Round "01"]
[TimeControl "180+1"]
[Date "2022.11.30"]
[WhiteClock "0:00:06"]
[BlackClock "0:01:06"]

1. e4 c6 2. d4 d5 3. Nd2 dxe4 4. Nxe4 Nd7 5. Be3 Ngf6 6. Nc5 Nd5 7. Bg5 Nxc5 8. dxc5 Qa5+ 9. c3 Qxc5 10. Nf3 Bg4 11. Be2 Bxf3 12. Bxf3 e6 13. O-O Be7 14. Bxe7 Qxe7 15. c4 Nf6 16. Qc2 O-O 17. Rad1 Rfd8 18. h3 h6 19. Rfe1 Rxd1 20. Rxd1 Rd8 21. Re1 Qc7 22. Qe2 a5 23. b3 Qb6 24. Qc2 Qb4 25. Rc1 Rd2 26. Qb1 Qc5 27. Rf1 Qd4 28. Qe1 Rxa2 29. Qb1 Rb2 30. Qa1 Qd2 31. Qa3 h5 32. Kh1 h4 33. Kg1 Qd4 34. Qa4 Ne4 35. Bxe4 Qxe4 36. Qxa5 Rxb3 37. c5 Rb1 38. Rxb1 Qxb1+ 39. Kh2 Qe4 40. Qd8+ Kh7 41. Kg1 Qe1+ 42. Kh2 Qxf2 43. Qb6 Qf4+ 44. Kg1 Kg6 45. Kh1 Qf1+ 46. Kh2 Qf4+ 47. Kh1 Qe5 48. Qb1+ f5 49. Qxb7 Qxc5 50. Qd7 Qc1+ 51. Kh2 Qf4+ 52. Kh1 Qe4 53. Qe8+ Kf6 54. Qd8+ Ke5 55. Qg5 Qe1+ 56. Kh2 Qg3+ 0-1


[Site "https://www.chess.com"]

[Event "Titled Tuesday Blitz November 29 Late 2022"]
[White "Wieczorek, Oskar"]
[Black "Bogaudinov, Rushan"]
[WhiteFideId "1133950"]
[BlackFideId "4129288"]
[WhiteElo "2404"]
[BlackElo "1997"]
[Result "1-0"]
[Round "01"]
[TimeControl "180+1"]
[Date "2022.11.30"]
[WhiteClock "0:00:57"]
[BlackClock "0:00:02"]

1. e4 c5 2. Nf3 d6 3. d4 cxd4 4. Nxd4 Nf6 5. Nc3 a6 6. h4 b5 7. a4 b4 8. Nd5 Bb7 9. Bc4 e6 10. Nxf6+ gxf6 11. Qh5 Ke7 12. Nf5+ Ke8 13. Bxe6 Qc7 14. Bf4 Bxe4 15. O-O Rg8 16. g3 Rg6 17. Qxh7 Ra7 18. Rfe1 Qxc2 19. Rac1 Rxg3+ 20. Bxg3 fxe6 21. Qxa7 Qxc1 22. Rxc1 1-0


[Site "https://www.chess.com"]

[Event "Titled Tuesday Blitz November 29 Late 2022"]
[White "Yanchenko, Roman"]
[Black "Pruess, David"]
[WhiteFideId "4137329"]
[BlackFideId "2014254"]
[WhiteElo "2489"]
[BlackElo "2449"]
[Result "1-0"]
[Round "01"]
[TimeControl "180+1"]
[Date "2022.11.30"]
[WhiteClock "0:00:39"]
[BlackClock "0:00:06"]

1. d4 Nf6 2. c4 e6 3. Nf3 c5 4. Nc3 cxd4 5. Nxd4 Nc6 6. e3 d5 7. cxd5 Nxd5 8. Nxc6 bxc6 9. Bd2 Be7 10. Be2 O-O 11. O-O Bf6 12. Qc1 Rb8 13. Rd1 Qb6 14. Rb1 Rd8 15. Na4 Qc7 16. Qc5 Be7 17. Ba5 Nb6 18. Rxd8+ Qxd8 19. Qxc6 Bd7 20. Bxb6 Rxb6 21. Qc2 Bxa4 22. Qxa4 Qd2 23. Qxa7 Bc5 24. Qc7 Qd5 25. Rd1 1-0


[Site "https://www.chess.com"]